 Dungeon Crawl Stone Soup version 0.20.1-1-g8b1a95d (webtiles) character file.

45 PointBlank the Skirmisher (level 3, -1/29 HPs)
             Began as a Mummy Abyssal Knight on Aug 14, 2017.
             Was a Believer of Lugonu.
             Slain by a worm (6 damage)
             ... on level 2 of the Dungeon.
             The game lasted 00:02:48 (1606 turns).

PointBlank the Skirmisher (Mummy Abyssal Knight)    Turns: 1606, Time: 00:02:48

Health: -1/29      AC:  3    Str: 16    XL:     3   Next: 42%
Magic:  4/4        EV: 11    Int: 11    God:    Lugonu [**....]
Gold:   62         SH:  0    Dex: 11    Spells: 0/2 levels left

rFire    x . .     SeeInvis .   a - +1 mace
rCold    + . .     Gourm    .   (no shield)
rNeg     + + +     Faith    .   b - +0 leather armour
rPois    ∞         Spirit   .   (no helmet)
rElec    .         Reflect  .   (no cloak)
rCorr    .         Harm     .   (no gloves)
MR       .....                  (no boots)
Stlth    +.........             (no amulet)
Regen    0.1/turn               (no ring)
MPRegen  0.1/turn               (no ring)

@: no status effects
A: no food or potions, fire vulnerability, cold resistance 1, negative energy
resistance 3, torment resistance, unbreathing
a: Depart the Abyss, Bend Space, Renounce Religion


You were on level 2 of the Dungeon.
You worshipped Lugonu.
Lugonu was pleased with you.
You were not hungry.

You visited 1 branch of the dungeon, and saw 2 of its levels.
You visited the Abyss 1 time.

You collected 62 gold pieces.

Inventory:

Hand Weapons
 a - a +1 mace (weapon)
Armour
 b - a +0 leather armour (worn)
Scrolls
 c - a scroll of magic mapping {unknown}
 d - a scroll of fear {unknown}
 e - 2 scrolls of identify {unknown}
 f - a scroll of remove curse {unknown}


   Skills:
 * Level 3.1 Fighting
 * Level 3.0 Maces & Flails
 - Level 1.5 Armour
 + Level 0.8 Dodging
 + Level 1.5 Invocations


You couldn't memorise any spells.
You knew the following spells:

 Your Spells              Type           Power        Failure   Level  Hunger
a - Animate Skeleton      Necr           N/A          41%         1    N/A
z - Apportation           Tloc           #.....       41%         1    N/A

Dungeon Overview and Level Annotations

Branches:
Dungeon (2/15)

Altars:


Innate Abilities, Weirdness & Mutations

You do not eat or drink.
Your flesh is vulnerable to fire.
You are immune to poison.
Your flesh is cold resistant. (rC+)
You are immune to negative energy. (rN+++)
You are immune to unholy pain and torment.
You can survive without breathing.


Message History

You sock the dart slug!
You kill the dart slug!
Lugonu accepts your kill.
You see here a dart slug corpse.
You start resting.
A worm comes into view.
A worm is nearby!
You hit the worm.
The worm is lightly wounded.
The worm bites you.
* * * LOW HITPOINT WARNING * * *
Huge Dmg: -18%(-5hp) hp: 45%(13hp)
You barely miss the worm. The worm bites you!
* * * LOW HITPOINT WARNING * * *
Huge Dmg: -27%(-8hp) hp: 18%(5hp)
You barely miss the worm. You sock the worm!
The worm is moderately wounded.
The worm bites you.
You die...

.....$.....############.).
##..................#...
###.......#..........#...
.##.....######.........#...
.......†.## #.........#.(.
..........####.........#(..
..........#..............(.
..........#.##.........##..
..........@......##..†.####
..........w.......:......##
..........#.##########.#...
.........##.# #.####
.#.....## .# #..## ##.##.
.# ##..# .. .. .# ##.# ..
.# ####.## ##......


You could see a worm.

Vanquished Creatures
  A worm (D:2)
  2 dart slugs (D:2)
  A leopard gecko (D:2)
  5 bats
  3 giant cockroaches
  6 goblins
  3 hobgoblins (D:1)
  2 jackals (D:1)
  A quokka (D:2)
  A frilled lizard (D:2)
  2 kobolds (D:1)
  6 rats (D:1)
33 creatures vanquished.

Notes
Turn   | Place    | Note
-------+----------+-------------------------------------------
     0 | Abyss:1  | PointBlank the Mummy Abyssal Knight began the quest for the Orb.
     0 | Abyss:1  | Reached XP level 1. HP: 18/18 MP: 2/2
    11 | D:1      | Escaped the Abyss
   397 | D:1      | Reached XP level 2. HP: 24/24 MP: 3/3
  1142 | D:2      | Reached XP level 3. HP: 28/29 MP: 4/4
  1159 | D:2      | Reached ** piety under Lugonu
  1507 | D:2      | Learned a level 1 spell: Apportation
  1509 | D:2      | Learned a level 1 spell: Animate Skeleton
  1603 | D:2      | HP: 13/29 [worm (5)]
  1604 | D:2      | HP: 5/29 [worm (9)]
  1606 | D:2      | Slain by a worm

Skill      XL: |  1  2  3 |
---------------+----------+-----
Maces & Flails | 2 3 |  3.0
Fighting       | |  3.1
Armour         | |  1.5
Dodging        | |  0.8
Invocations    | |  1.5

Action                   || total
-------------------------++-------
Melee: Mace              ||   101
Armor: Leather armour    ||    33
Dodge: Dodged            ||    65
